[Event "*** Titled Tuesday Blitz"]
[Site "Chess.com"]
[Date "2021.03.30"]
[Round "2"]
[White "zurzan"]
[Black "comsac"]
[Result "0-1"]
[WhiteElo "1953"]
[BlackElo "2376"]
[TimeControl "180+1"]
[EndTime "10:16:35 PDT"]
[Termination "comsac won on time"]

1. f4 d5 2. Nf3 Nc6 3. g3 g6 4. Bg2 Bg7 5. O-O Nf6 6. d3 Bf5 7. c3 Qd7 8. a4 Bh3 9. b4 Bxg2 10. Kxg2 O-O 11. b5 Nd8 12. Ne5 Qd6 13. Ba3 Qe6 14.
d4 Ne4 15. Qd3 f6 16. Nf3 Nf7 17. Nbd2 Nfd6 18. Bxd6 exd6 19. Rac1 f5 20. c4 Rfe8 21. cxd5 Qxd5 22. Rxc7 Nxd2 23. Qxd2 Re4 24. e3 Rae8 25. Re1 Rxd4 26. exd4 Re4 27. Kh3 Qe6 28. Rxe4 fxe4+ 29. g4 exf3 30. Rc8+ Qxc8 31. Qe3 h5 32. Qxf3 hxg4+ 33. Qxg4 Qxg4+ 34. Kxg4 b6 35. Kg5 Kf7 36. d5 Bf6+ 37.
Kg4 Bd4 38. f5 Kf6 39. fxg6 Kxg6 40. h4 Be5 41. h5+ Kh6 42. Kh4 Bf6+ 43. Kg4 Bg5 44.
Kf5 Kxh5 45. Ke6 Bf4 46. Kd7 Kg5 47. Kc6 Kf5 48. Kb7 Ke5 49. Kxa7 Be3 50. Kb7 Kxd5 51.
Kc7 Bc5 52. Kd7 Kc4 53. Kc6 d5 54. a5 bxa5 55. b6 Bxb6 56. Kxb6 a4 57. Kc6 a3 0-1

[Event "*** Titled Tuesday Blitz"]
[Site "Chess.com"]
[Date "2021.03.30"]
[Round "2"]
[White "iwanyu"]
[Black "wadsy27"]
[Result "1-0"]
[WhiteElo "2865"]
[BlackElo "2563"]
[TimeControl "180+1"]
[EndTime "10:16:36 PDT"]
[Termination "iwanyu won by resignation"]

1. Nf3 Nf6 2. g3 d5 3. Bg2 c6 4. O-O Bf5 5. c4 h6 6. cxd5 cxd5 7. Qb3 Qb6 8. d3 e6 9. Be3 Qxb3 10. axb3 Nc6 11.
Nc3 a6 12. Nb5 Kd7 13. Rfc1 Be7 14. Nbd4 Nxd4 15. Ne5+ Ke8 16. Bxd4 Bd6 17. e4 dxe4 18. Nc4 Rd8 19. Bb6 Ke7 20. Bxd8+ Rxd8 21. dxe4 Nxe4 22. Nxd6 Nxd6 23. Rc7+ Rd7 24. Rac1 Rxc7 25. Rxc7+ Kd8 26. Rc1 Kd7 27. f4 f6 28. Kf2 g5 29.
Ke3 Bg6 30. fxg5 fxg5 31. Kd4 Bf5 32. Ke5 Nf7+ 33. Kf6 Nd6 34. Kg7 h5 35. Kh6 g4 36.
Kxh5 e5 37. Kg5 e4 38. Rd1 Ke6 39. Rxd6+ 1-0

[Event "*** Titled Tuesday Blitz"]
[Site "Chess.com"]
[Date "2021.03.30"]
[Round "2"]
[White "SGchess01"]
[Black "Isajevsky_Anton"]
[Result "0-1"]
[WhiteElo "2728"]
[BlackElo "2527"]
[TimeControl "180+1"]
[EndTime "10:16:36 PDT"]
[Termination "Isajevsky_Anton won by resignation"]

1. e4 c5 2. Nf3 d6 3. d4 cxd4 4. Nxd4 Nf6 5. Nc3 a6 6. h3 e5 7.
Nde2 h5 8. Bg5 Be6 9. Bxf6 Qxf6 10. Nd5 Qd8 11. Qd3 g6 12. O-O-O Bh6+ 13. Kb1 Nc6 14. h4 O-O 15. g3 Ne7 16. Ne3 Qa5 17. Nc3 Rac8 18.
a3 Bxe3 19. Qxe3 d5 20. exd5 Nxd5 21. Nxd5 Bxd5 22. b4 Qc7 23. Rxd5 Qxc2+ 24. Ka1 Rfd8 25. Rxd8+ Rxd8 26. Bc4 Qxc4 27. Rc1 Qb5 28. Qc5 Qa4 29. Qc3 e4 30. Qb2 Kh7 31. Ka2 Qb5 32. Qf6 Rd2+ 33. Ka1 Qd5 0-1

[Event "*** Titled Tuesday Blitz"]
[Site "Chess.com"]
[Date "2021.03.30"]
[Round "2"]
[White "annacramling"]
[Black "PowerThinking2650"]
[Result "0-1"]
[WhiteElo "2074"]
[BlackElo "2398"]
[TimeControl "180+1"]
[EndTime "10:16:39 PDT"]
[Termination "PowerThinking2650 won on time"]

1. d4 Nf6 2. c4 g6 3. Nc3 Bg7 4.
e4 d6 5. h3 O-O 6. Bg5 c5 7. d5 b5 8. cxb5 a6 9. a4 Qa5 10. Bd2 Qb4 11. Bd3 e6 12. Nge2 exd5 13. exd5 Re8 14. Ne4 Qxb2 15. Bc3 Nxe4 16. Bxb2 Bxb2 17.
Bxe4 Bxa1 18. Qxa1 Rxe4 19. b6 Nd7 20. a5 c4 21. f3 Re5 22. Qd4 Nc5 23. Qxc4 Bd7 24. Kf2 Bb5 25. Qc3 Rxe2+ 26. Kg3 Rae8 27. h4 h5 28. Rd1 R8e3 29. Qf6 Ne4+ 0-1

[Event "*** Titled Tuesday Blitz"]
[Site "Chess.com"]
[Date "2021.03.30"]
[Round "2"]
[White "anon481216"]
[Black "Chesswizard_2007"]
[Result "1-0"]
[WhiteElo "2511"]
[BlackElo "2707"]
[TimeControl "180+1"]
[EndTime "10:16:40 PDT"]
[Termination "anon481216 won by resignation"]

1. d4 Nf6 2. c4 e6 3. g3 Bb4+ 4. Bd2 a5 5. Nf3 O-O 6. Bg2 b6 7. O-O Bb7 8. Bf4 d5 9. c5 a4 10.
cxb6 cxb6 11. a3 Bd6 12. Bxd6 Qxd6 13. Nc3 Bc6 14. Ne5 Nfd7 15. Nxc6 Nxc6 16. Nxa4 Na5 17. Nc3 Nc4 18. Qc2 Rfc8 19. Rfc1 g6 20. e3 Kg7 21. Qe2 h5 22. e4 e5 23. dxe5 Ndxe5 24. exd5 Re8 25.
Ne4 Qxd5 26. Nf6 Qd8 27. Nxe8+ Qxe8 28. Rxc4 Nxc4 29. Qxc4 Rc8 30. Qd4+ Kg8 31. Qxb6 Qe5 32. Rd1 Rb8 33. Rd8+ Rxd8 34. Qxd8+ Kg7 35. Qd2 Kg8 36. a4 h4 37. gxh4 f6 38. a5 Kg7 39. a6 Qc5 40. h3 g5 41. hxg5 fxg5 42. Qc3+ 1-0

[Event "*** Titled Tuesday Blitz"]
[Site "Chess.com"]
[Date "2021.03.30"]
[Round "2"]
[White "Vuk2000"]
[Black "Bacyanide"]
[Result "0-1"]
[WhiteElo "2724"]
[BlackElo "2418"]
[TimeControl "180+1"]
[EndTime "10:16:41 PDT"]
[Termination "Bacyanide won on time"]

1. d4 Nf6 2. Bg5 d5 3. Bxf6 exf6 4. e3 c6 5. c4 dxc4 6. Bxc4 Bd6 7. Nc3 O-O 8. Nf3 Re8 9. O-O Nd7 10. Qb3 Qe7 11.
a4 Nb6 12. Bd3 Be6 13. Qc2 h5 14. Ne4 a5 15. Nxd6 Qxd6 16. h3 Qd5 17. Ra3 Qd7 18. Rc3 Nd5 19. Rc5 Nb4 20. Qc3 g6 21. Bc4 Bxh3 22.
gxh3 b6 23. Bxf7+ Kxf7 24. Qb3+ Kg7 25. Rcc1 Qxh3 26. Nh2 Re4 27. f3 Qg3+ 28. Kh1 Rh4 29. Rc2 Nxc2 30. Qxc2 Re8 31. e4 Rd8 32. d5 cxd5 33.
exd5 Rxd5 34. Qe2 Re5 35. Qc2 Rc5 36. Qd2 Rxh2+ 37. Qxh2 Qxh2+ 38. Kxh2 Rc2+ 39. Kg3 Rxb2 40. Rc1 Rb4 0-1

[Event "*** Titled Tuesday Blitz"]
[Site "Chess.com"]
[Date "2021.03.30"]
[Round "2"]
[White "scandalgod"]
[Black "yoelpolanco"]
[Result "1-0"]
[WhiteElo "2450"]
[BlackElo "2235"]
[TimeControl "180+1"]
[EndTime "10:16:42 PDT"]
[Termination "scandalgod won by resignation"]

1. d4 d5 2. c4 c6 3. cxd5 cxd5 4. Bg5 Nc6 5. Nc3 f6 6. e4 fxg5 7. exd5 Nb8 8. Nf3 Nf6 9. Nxg5 h6 10. Bb5+ Bd7 11. Bd3 Qa5 12. Bg6+ Kd8 13. Nf7+ Kc8 14. Nxh8 Nxd5 15. O-O Nxc3 16. Rc1 Nc6 17. Rxc3 e6 18. Nf7 Kb8 19. Ne5 Nxe5 20. dxe5 Bb5 21. Qc2 a6 22.
Rc8+ Ka7 23. Rxa8+ Kxa8 24. Qc8+ Ka7 25. Rc1 Qd2 26.
h3 Bc6 27. Rxc6 Qe1+ 28. Kh2 Qxe5+ 29. g3 bxc6 30. Qxf8 Qxb2 31. Qf7+ Kb6 32. Kg2 Qe5 33. Qf3 Qd5 34. Be4 Qc4 35. Qe3+ c5 36. Bf3 a5 37. a3 a4 38. Qe5 Qd4 39. Qb8+ Ka5 40. Qa7+ Kb5 41.
Qb7+ Kc4 42. Qa6+ Kc3 43. Qxe6 c4 44. Qe7 Kd2 45. Qb4+ Qc3 46. Qxa4 Qd3 47. Qb4+ c3 48. Be4 Qe2 49. Qd4+ Ke1 50. Qxc3+ Kd1 51. Bf3 1-0

[Event "*** Titled Tuesday Blitz"]
[Site "Chess.com"]
[Date "2021.03.30"]
[Round "2"]
[White "mac0504"]
[Black "chesslh19"]
[Result "1-0"]
[WhiteElo "2432"]
[BlackElo "2212"]
[TimeControl "180+1"]
[EndTime "10:16:42 PDT"]
[Termination "mac0504 won by resignation"]

1. e4 e5 2. Nf3 Nf6 3. Nxe5 d6 4. Nf3 Nxe4 5. d4 d5 6. Bd3 Be7 7. O-O Nc6 8. c4 Nb4 9. Be2 O-O 10. Nc3 Bf5 11.
a3 Nxc3 12. bxc3 Nc6 13. cxd5 Qxd5 14. Re1 Rfe8 15. Bf4 Rac8 16. c4 Qe4 17. Qd2 Qc2 18. Qxc2 Bxc2 19. d5 Na5 20. Nd4 Bg6 21. Bg4 f5 22.
Nxf5 Bf6 23. Ne7+ Rxe7 24. Rxe7 Rf8 25. Bxc7 Bxe7 26. Bxa5 Bc5 27. Be6+ Kh8 28. Be1 Bd3 29. Rc1 g6 30. Bc3+ 1-0

[Event "*** Titled Tuesday Blitz"]
[Site "Chess.com"]
[Date "2021.03.30"]
[Round "2"]
[White "Cocaino74"]
[Black "Superfelix"]
[Result "0-1"]
[WhiteElo "2261"]
[BlackElo "2469"]
[TimeControl "180+1"]
[EndTime "10:16:43 PDT"]
[Termination "Superfelix won on time"]

1. e4 c6 2. d4 g6 3. Nc3 d5 4. Nf3 dxe4 5. Nxe4 Nf6 6. Nxf6+ exf6 7. Bd3 Bg7 8. h4 O-O 9. h5 Re8+ 10. Be3 Na6 11.
c3 Nc7 12. Qc2 Nd5 13. hxg6 hxg6 14. O-O-O Rxe3 15. Bxg6 fxg6 16. Qxg6 Re7 17. Rh6 Nf4 18. Qh7+ Kf8 19. Rh4 Ne2+ 20. Kb1 Qa5 21. Rh5 Nxc3+ 22. bxc3 Qxc3 23. Rdh1 Re2 24. Qxg7+ Kxg7 25. Rh7+ Kg8 26.
Rh8+ Kf7 27. R1h7+ Kg6 28. Rh6+ Kf5 29. Rh5+ Ke4 30.
Re8+ Kd3 31. Rxe2 Kxe2 32. Rc5 Qb4+ 33. Kc1 Qa3+ 34. Kb1 Bf5+ 35. Rxf5 Qb4+ 36. Kc1 Qc3+ 37. Kb1 Qd3+ 38. Kb2 Qxf5 0-1

[Event "*** Titled Tuesday Blitz"]
[Site "Chess.com"]
[Date "2021.03.30"]
[Round "2"]
[White "Gloomy_Wanderer"]
[Black "SaqoChess_Twitch"]
[Result "1-0"]
[WhiteElo "2713"]
[BlackElo "2492"]
[TimeControl "180+1"]
[EndTime "10:16:44 PDT"]
[Termination "Gloomy_Wanderer won by resignation"]

1. d4 d5 2. c4 e6 3. Nf3 Nf6 4. g3 Be7 5. Bg2 O-O 6. O-O dxc4 7. Ne5 Nc6 8. Nxc6 bxc6 9. Na3 Bxa3 10. bxa3 Rb8 11.
Qd2 Rb6 12. a4 Nd5 13. Ba3 Re8 14. e4 Nf6 15. Qc3 Ba6 16. Rfd1 Qb8 17. f3 Nd7 18. Bf1 e5 19. d5 cxd5 20. Rxd5 Qc8 21. Rad1 Nf6 22.
Rxe5 h6 23. Rxe8+ Qxe8 24. e5 Nd7 25. f4 Kh8 26. Bg2 f6 27. a5 Rb8 28. Bc6 Qe6 29. Bxd7 Qf7 30. e6 Qh5 31. Re1 Qh3 32. Bc6 Re8 33.
Bxe8 Bb7 34. Qb2 Bd5 35. e7 1-0

[Event "*** Titled Tuesday Blitz"]
[Site "Chess.com"]
[Date "2021.03.30"]
[Round "2"]
[White "FMalexhdez"]
[Black "Smile2005"]
[Result "0-1"]
[WhiteElo "2223"]
[BlackElo "2436"]
[TimeControl "180+1"]
[EndTime "10:16:44 PDT"]
[Termination "Smile2005 won by resignation"]

1. e4 c5 2. Nf3 a6 3. d4 cxd4 4. Nxd4 Nf6 5. Nc3 e5 6. Nf3 Bb4 7. Nxe5 Qe7 8. Nd3 Qxe4+ 9. Qe2 Bxc3+ 10. bxc3 Qxe2+ 11. Bxe2 O-O 12. O-O Ne4 13. c4 Nc6 14. Bf3 f5 15. Re1 Re8 16. Nc5 Nd4 17. Bxe4 fxe4 18. Rxe4 Rxe4 19. Nxe4 Nxc2 20. Rb1 b5 21. cxb5 d5 22. Nd6 axb5 23. Rxb5 Nd4 24. Rc5 Be6 25. Be3 Ne2+ 26. Kf1 Rxa2 27. Rb5 h6 28.
Rb1 d4 29. Bc1 d3 30. Bb2 Bb3 0-1

[Event "*** Titled Tuesday Blitz"]
[Site "Chess.com"]
[Date "2021.03.30"]
[Round "2"]
[White "wonderfultime"]
[Black "iamnotIM"]
[Result "1-0"]
[WhiteElo "2985"]
[BlackElo "2592"]
[TimeControl "180+1"]
[EndTime "10:16:45 PDT"]
[Termination "wonderfultime won on time"]

1. d4 Nf6 2. Nf3 d5 3. Bf4 c5 4. c3 e6 5. e3 Bd6 6. Nbd2 Qc7 7. Bxd6 Qxd6 8. Ne5 Nc6 9. f4 Nd7 10. Bd3 Ne7 11. Qh5 g6 12. Qh6 Nf5 13. Bxf5 exf5 14. Qg7 Qf6 15. Qxf6 Nxf6 16. dxc5 Nd7 17. Nxd7 Bxd7 18.
b4 Bb5 19. Kf2 f6 20. a4 Bd3 21. Nf3 Kf7 22. Rhd1 Be4 23. Nd4 Rhc8 24. Nb5 Ke6 25. Nd6 Rc7 26. a5 Rd8 27. Nb5 Rcd7 28. Nxa7 g5 29.
a6 bxa6 30. Rxa6+ Kf7 31. Nb5 gxf4 32. exf4 Rg8 33. g3 h5 34. c4 h4 35. cxd5 hxg3+ 36. hxg3 Rxd5 37. Nd6+ Kg6 38. Rxd5 Bxd5 39. b5 Rh8 40. c6 Rh2+ 41. Ke3 Rc2 42. Kd4 Bf3 43. Nc4 Be2 44. Ra4 Bf3 45. Ra3 1-0

[Event "*** Titled Tuesday Blitz"]
[Site "Chess.com"]
[Date "2021.03.30"]
[Round "2"]
[White "shnitez"]
[Black "Fraler15"]
[Result "1-0"]
[WhiteElo "2457"]
[BlackElo "2251"]
[TimeControl "180+1"]
[EndTime "10:16:45 PDT"]
[Termination "shnitez won by resignation"]

1. c4 e5 2. Nc3 Nf6 3. Nf3 Nc6 4. e3 Bb4 5. Qc2 O-O 6. Nd5 Bc5 7. Ng5 g6 8. h4 d6 9. Nxf6+ Qxf6 10. Ne4 Qf5 11.
a3 Re8 12. b4 Bb6 13. Bb2 a5 14.
b5 Nd8 15. f3 Qe6 16. c5 dxc5 17. Nxc5 Qe7 18. Ne4 f5 19. Bc4+ Kh8 20. f4 Nf7 21. Ng5 Kg7 22. Bxf7 Rd8 23. Bxe5+ Kf8 24. Ba2 Be6 25. Nxe6+ 1-0

[Event "*** Titled Tuesday Blitz"]
[Site "Chess.com"]
[Date "2021.03.30"]
[Round "2"]
[White "MasterKroket"]
[Black "Keranke"]
[Result "0-1"]
[WhiteElo "2525"]
[BlackElo "2787"]
[TimeControl "180+1"]
[EndTime "10:16:46 PDT"]
[Termination "Keranke won by resignation"]

1. d4 Nf6 2. c4 g6 3. Nc3 Bg7 4. e4 O-O 5. h3 d6 6. Bg5 c5 7. d5 a6 8. a4 e6 9. Nf3 exd5 10.
cxd5 h6 11. Be3 Re8 12. Bd3 Nbd7 13. O-O Rb8 14. Re1 Qc7 15. Bf4 c4 16. Bc2 b5 17.
axb5 axb5 18. Nd4 Ne5 19. Ndxb5 Qe7 20. Ra7 Bd7 21. Bh2 g5 22. Nd4 Qd8 23. Ba4 Qb6 24.
Bxd7 Nfxd7 25. Nc6 Nxc6 26. Rxd7 Ne5 27. Na4 Qb4 28.
Rc7 Nd3 29. Re2 Ra8 30. Nc3 Nxb2 31. Rxb2 Qxb2 32. Ne2 Ra1 0-1

[Event "*** Titled Tuesday Blitz"]
[Site "Chess.com"]
[Date "2021.03.30"]
[Round "2"]
[White "Lenyas66"]
[Black "Perecke"]
[Result "1/2-1/2"]
[WhiteElo "2530"]
[BlackElo "2315"]
[TimeControl "180+1"]
[EndTime "10:16:46 PDT"]
[Termination "Game drawn by repetition"]

1. e4 c5 2. Nf3 e6 3. Nc3 Nc6 4.
Bb5 Nd4 5. a4 Nxb5 6. axb5 Nf6 7. d4 cxd4 8. Qxd4 d6 9. Rxa7 Rxa7 10. Qxa7 Be7 11. O-O O-O 12. Rd1 Qc7 13. Be3 Bd7 14. Bb6 Qc8 15. Qa3 Re8 16. Qb3 e5 17. h3 Be6 18. Qb4 Bxh3 19. gxh3 Qxh3 20. Nh2 Nh5 21.
Nd5 Bg5 22. Qc3 Qh4 23. Qf3 Bf4 24. Nxf4 Nxf4 25. Qg4 Qh6 26. Be3 Re6 27. Bxf4 exf4 28. Kh1 Qf6 29. c3 g6 30. f3 Re5 31. Qc8+ Kg7 32.
Qb8 Rh5 33. Qxd6 Rxh2+ 34. Kxh2 Qh4+ 35. Kg2 Qg3+ 36. Kf1 Qxf3+ 37. Ke1 Qe3+ 38. Kf1 Qf3+ 39. Ke1 Qe3+ 40. Kf1 Qf3+ 1/2-1/2

[Event "*** Titled Tuesday Blitz"]
[Site "Chess.com"]
[Date "2021.03.30"]
[Round "2"]
[White "mr_gustavo"]
[Black "pfalcon1949"]
[Result "1-0"]
[WhiteElo "2381"]
[BlackElo "1989"]
[TimeControl "180+1"]
[EndTime "10:16:46 PDT"]
[Termination "mr_gustavo won by checkmate"]

1. d4 Nf6 2. c4 e6 3. Nc3 Bb4 4. e3 O-O 5. Nf3 b6 6. Bd3 Bxc3+ 7. bxc3 Bb7 8. O-O d5 9. cxd5 Nxd5 10. Bb2 f5 11. c4 Nf6 12. Rc1 Nbd7 13. Nd2 Ne4 14. Nxe4 fxe4 15. Be2 Nf6 16. Qd2 Qe7 17. Rfd1 Rad8 18.
Qc3 c5 19. dxc5 Qxc5 20. Ba3 Qf5 21. Bxf8 Rxf8 22. Rf1 e5 23. c5 Nd5 24. Qb3 Qg6 25. c6 Bxc6 26. Rxc6 Qxc6 27. Bc4 Rd8 28. Rd1 Kf8 29.
Bxd5 Qc5 30. h3 a5 31. Kh2 a4 32. Qxa4 Ke7 33. Bxe4 Rxd1 34. Qxd1 g6 35. Qg4 b5 36. Qg5+ Kf7 37. Qd8 b4 38. Bd5+ Kg7 39. e4 Qxf2 40. Qg5 Qd4 41. Qh4 Qe3 42. Qg3 Qd4 43. Qf3 Qb2 44.
h4 h5 45. Qf7+ Kh6 46. Qf8+ Kh7 47. Bg8+ Kh8 48. Bf7+ Kh7 49. Qg8+ Kh6 50. Qxg6# 1-0

[Event "*** Titled Tuesday Blitz"]
[Site "Chess.com"]
[Date "2021.03.30"]
[Round "2"]
[White "Orlov_Oleg"]
[Black "mishanick"]
[Result "0-1"]
[WhiteElo "2593"]
[BlackElo "2978"]
[TimeControl "180+1"]
[EndTime "10:16:47 PDT"]
[Termination "mishanick won by checkmate"]

1. Nf3 d5 2. c4 d4 3. e3 Nc6 4. b4 dxe3 5. fxe3 Nxb4 6. Qa4+ Nc6 7. d4 Bd7 8. Qb3 b6 9. Bb2 Nf6 10. Nbd2 g6 11. e4 Bg7 12. e5 Ng4 13. h3 Nh6 14. g4 O-O 15. Bg2 f6 16. c5+ Kh8 17. e6 Na5 18.
Qe3 Bc6 19. O-O f5 20. d5 Qxd5 21. Bxg7+ Kxg7 22. cxb6 axb6 23. g5 Ng4 24. hxg4 fxg4 25. Nh4 Qd6 26. Rxf8 Rxf8 27. Rf1 Rxf1+ 28. Nxf1 Bxg2 29.
Nxg2 Nc4 30. Qc3+ Ne5 31. Nf4 Kg8 32. Kf2 Nf3 33. Ne2 Nxg5 34. Nd4 Ne4+ 35. Ke3 Nxc3 36. Nd2 Nd5+ 37. Ke4 Nf6+ 38. Ke3 c5 39. Ne2 Qxe6+ 40. Kf2 Ne4+ 41. Nxe4 Qxe4 42. Ng3 Qf3+ 43. Ke1 Qxg3+ 44. Kd2 Qf3 45. a4 g3 46. a5 g2 47. Kc2 g1=Q 48.
axb6 Qgg2+ 49. Kc1 Qff1# 0-1

[Event "*** Titled Tuesday Blitz"]
[Site "Chess.com"]
[Date "2021.03.30"]
[Round "2"]
[White "NateSolon"]
[Black "GOGIEFF"]
[Result "0-1"]
[WhiteElo "2569"]
[BlackElo "2899"]
[TimeControl "180+1"]
[EndTime "10:16:47 PDT"]
[Termination "GOGIEFF won by resignation"]

1. d4 Nf6 2. c4 e6 3. g3 d5 4. Bg2 dxc4 5. Nf3 Bb4+ 6. Bd2 a5 7.
a3 Bd6 8. Bg5 Nbd7 9. Nbd2 h6 10. Bxf6 Nxf6 11. Nxc4 O-O 12. O-O Be7 13. Qc2 c6 14.
Rad1 a4 15. e4 Qc7 16. e5 Nd5 17. Nfd2 c5 18. Ne4 cxd4 19. Qd3 Rd8 20. Ned6 Bd7 21.
Rc1 Bc6 22. Qxd4 Qb8 23. Rfd1 Qa7 24. Qg4 b5 25. Nd2 Ne3 26. fxe3 Qxe3+ 27. Kh1 Bxg2+ 28.
Kxg2 Qxe5 29. N6e4 f5 30. Qh5 Qxb2 31. Rc7 fxe4 32.
Rxe7 Rxd2+ 33. Kh3 Rxh2+ 34. Kg4 Rxh5 0-1

[Event "*** Titled Tuesday Blitz"]
[Site "Chess.com"]
[Date "2021.03.30"]
[Round "2"]
[White "sau6on"]
[Black "GianmarcoVaR"]
[Result "0-1"]
[WhiteElo "2350"]
[BlackElo "2757"]
[TimeControl "180+1"]
[EndTime "10:16:47 PDT"]
[Termination "GianmarcoVaR won on time"]

1. e4 c6 2. d4 d5 3. Nc3 dxe4 4. Nxe4 Nf6 5. Nxf6+ exf6 6. c3 Bd6 7. Bd3 O-O 8.
Ne2 Re8 9. Qc2 h5 10. O-O h4 11. h3 Qc7 12. c4 c5 13. Be3 Nd7 14. Rac1 Nf8 15.
dxc5 Bxc5 16. Bxc5 Qxc5 17. Be4 Ne6 18. a3 Ng5 19. Bd5 Bxh3 20. gxh3 Nxh3+ 21. Kh2 Nxf2 22.
Rg1 Qd6+ 23. Kg2 Ng4 24. Qd3 Qh2+ 0-1

[Event "*** Titled Tuesday Blitz"]
[Site "Chess.com"]
[Date "2021.03.30"]
[Round "2"]
[White "BrianEscalante"]
[Black "Eloist"]
[Result "1-0"]
[WhiteElo "2618"]
[BlackElo "2331"]
[TimeControl "180+1"]
[EndTime "10:16:47 PDT"]
[Termination "BrianEscalante won by resignation"]

1. e4 e6 2. d4 d5 3. exd5 exd5 4. Nf3 Bf5 5. c4 Bxb1 6. Rxb1 Bb4+ 7. Bd2 Bxd2+ 8. Qxd2 Nf6 9. Qe3+ Qe7 10. Qxe7+ Kxe7 11. c5 b6 12. Bd3 Re8 13. Ne5 bxc5 14. dxc5 Kf8 15.
f4 Nfd7 16. O-O Nxe5 17. fxe5 Rxe5 18. Bb5 c6 19. Ba4 Nd7 20. Bxc6 Rd8 21. b4 Nf6 22. Bb7 d4 23. c6 Nd5 24. Rbe1 Rxe1 25. Rxe1 d3 26. Rd1 Ne3 27. c7 Re8 28. Rxd3 Ng4 29. c8=Q 1-0

[Event "*** Titled Tuesday Blitz"]
[Site "Chess.com"]
[Date "2021.03.30"]
[Round "2"]
[White "CM_rui"]
[Black "esteban062000"]
[Result "1-0"]
[WhiteElo "2420"]
[BlackElo "2182"]
[TimeControl "180+1"]
[EndTime "10:16:47 PDT"]
[Termination "CM_rui won by checkmate"]

1. e4 c5 2. Nf3 g6 3. c4 Nc6 4. d4 cxd4 5. Nxd4 Nf6 6. Nc3 d6 7.
Be2 Nxd4 8. Qxd4 Bg7 9. Be3 O-O 10. Qd2 Be6 11. O-O Qa5 12. Rac1 Rfc8 13. b3 a6 14. f4 b5 15. cxb5 axb5 16. e5 dxe5 17. fxe5 Nd7 18.
Bf3 Bxe5 19. Bxa8 Bxc3 20. Qd3 Bf5 21. Rxf5 gxf5 22. Qxd7 Rxa8 23. Qxe7 Bg7 24. Qg5 h6 25. Qxf5 Qxa2 26. Qg4 Kh8 27. Bd4 Rg8 28. Bxg7+ Rxg7 29. Rc8+ Kh7 30. Qf5+ Rg6 31. Qxf7+ Rg7 32. Qf5+ Rg6 33.
Rc7+ Kh8 34. Qf8+ Rg8 35. Qxh6# 1-0

[Event "*** Titled Tuesday Blitz"]
[Site "Chess.com"]
[Date "2021.03.30"]
[Round "2"]
[White "ChessFunMaker"]
[Black "Hongjin"]
[Result "1-0"]
[WhiteElo "2265"]
[BlackElo "2426"]
[TimeControl "180+1"]
[EndTime "10:16:48 PDT"]
[Termination "ChessFunMaker won by resignation"]

1. c4 e5 2. g3 Nc6 3. Nc3 g6 4. Bg2 Bg7 5. e4 Nge7 6. Nge2 O-O 7. O-O d6 8. d3 f5 9. Nd5 Be6 10. Be3 Nd4 11. Nxd4 exd4 12. Bg5 Bxd5 13. exd5 Bf6 14. Bh6 Rf7 15. Qd2 Kh8 16. Rae1 Ng8 17. h4 Nxh6 18.
Qxh6 Bg7 19. Qf4 Be5 20. Rxe5 dxe5 21. Qxe5+ Qf6 22. f4 Kg7 23. Re1 Rd8 24. b4 Rdd7 25. Qxf6+ Kxf6 26. Re6+ Kg7 27. c5 Rfe7 28. Kf2 Rxe6 29.
dxe6 Re7 30. Bd5 c6 31. Bc4 Kf6 32. a4 h6 33. Ke2 g5 34. h5 gxf4 35. gxf4 Rg7 36.
b5 Ke7 37. a5 cxb5 38. Bd5 Kf6 39. a6 bxa6 40. c6 Ke7 41. c7 Rg8 42. Bb7 Kxe6 43. c8=Q+ Rxc8 44. Bxc8+ Kf6 45. Bxa6 b4 46. Bc4 a5 47.
Kd2 Ke7 48. Bb3 Kd6 49. Ba4 Kc5 50. Kc2 Kd6 51. Kb3 Kd5 52. Bd7 Kc5 53. Bxf5 Kd5 54. Bg6 1-0

[Event "*** Titled Tuesday Blitz"]
[Site "Chess.com"]
[Date "2021.03.30"]
[Round "2"]
[White "arminmusovic"]
[Black "Smirnov_Pavel"]
[Result "0-1"]
[WhiteElo "2568"]
[BlackElo "2886"]
[TimeControl "180+1"]
[EndTime "10:16:49 PDT"]
[Termination "Smirnov_Pavel won by resignation"]

1. a3 e5 2. Nc3 Nf6 3. d4 exd4 4. Qxd4 Nc6 5. Qa4 Be7 6. Bg5 O-O 7. e3 d6 8. Nf3 a6 9. Bd3 h6 10. Qh4 Ne5 11.
Bxf6 Nxd3+ 12. cxd3 Bxf6 13. Qg3 d5 14. O-O c6 15. e4 dxe4 16. dxe4 Be6 17. e5 Be7 18. Rad1 Qb6 19. b4 a5 20. bxa5 Rxa5 21. Rb1 Qa6 22. a4 b5 23. axb5 cxb5 24. Nd4 b4 25. Ne4 Kh8 26. h3 Ra3 27. Qf4 b3 28. Nf5 Bxf5 29.
Qxf5 Qb5 30. Rfd1 b2 31. Qf4 Qa4 32. Qf5 Ra1 33. Nc3 Qb3 34. Rxa1 bxa1=Q 35. Rxa1 Qxc3 36.
Rf1 Qc4 37. f4 Bc5+ 38. Kh1 Qxf1+ 0-1

[Event "*** Titled Tuesday Blitz"]
[Site "Chess.com"]
[Date "2021.03.30"]
[Round "2"]
[White "AldokhinIvan"]
[Black "Shield12"]
[Result "0-1"]
[WhiteElo "2540"]
[BlackElo "2816"]
[TimeControl "180+1"]
[EndTime "10:16:49 PDT"]
[Termination "Shield12 won by resignation"]

1. e4 c5 2. Nf3 Nc6 3. d4 cxd4 4. Nxd4 Nf6 5. Nc3 d6 6. Nde2 g6 7. h3 Bg7 8. g4 O-O 9. Bg2 Rb8 10. a4 a6 11. Ng3 b5 12. axb5 axb5 13. g5 Nd7 14. O-O b4 15. Nd5 e6 16. Ne3 Nc5 17.
Ng4 Bb7 18. Nf6+ Kh8 19. b3 Nd7 20. Nxd7 Qxd7 21. Rb1 Rbc8 22. Bb2 Bxb2 23. Rxb2 e5 24. Ra2 f6 25. h4 fxg5 26. hxg5 Nd4 27. f4 Rc3 28.
Kh2 Qe7 29. Qd2 Rxg3 30. Kxg3 exf4+ 31. Kh2 Qe5 32. Ra5 Qxa5 33. Qxd4+ Qe5 34. Qxe5+ dxe5 35. Bf3 Rc8 36. Rf2 h6 37. Rd2 hxg5 38. Rd7 Rxc2+ 39. Kg1 Bc8 40. Rd6 g4 41. Bd1 Rb2 42. Rxg6 g3 43.
Rd6 Kg7 44. Rc6 Bh3 45. Rc7+ Kf8 46. Rh7 Rb1 0-1

[Event "*** Titled Tuesday Blitz"]
[Site "Chess.com"]
[Date "2021.03.30"]
[Round "2"]
[White "J36225"]
[Black "seorobert1971"]
[Result "0-1"]
[WhiteElo "2505"]
[BlackElo "2735"]
[TimeControl "180+1"]
[EndTime "10:16:49 PDT"]
[Termination "seorobert1971 won by resignation"]

1. e4 e6 2. d4 d5 3. Nd2 c5 4. exd5 exd5 5. Ngf3 Nc6 6. Bb5 Bd6 7. dxc5 Bxc5 8.
O-O Ne7 9. c3 O-O 10. Nb3 Bb6 11.
Bg5 h6 12. Bh4 g5 13. Bg3 Nf5 14. Bxc6 bxc6 15. Nbd4 Nxg3 16. hxg3 c5 17. Nc2 Bb7 18. Re1 Qf6 19. Qd3 Rad8 20. Rad1 Rd6 21. Ne3 Rfd8 22.
Nf5 Re6 23. Rxe6 fxe6 24. Ne3 c4 25. Qd2 h5 26. Nc2 g4 27. Qg5+ Qxg5 28. Nxg5 e5 29. Ne3 Rf8 30. Nxd5 Bxd5 31. Rxd5 Rxf2 32. Kh2 Rxb2 33.
Rxe5 Rxa2 34. Re7 Ra1 35. Ne4 Bg1+ 36. Kh1 Bc5+ 0-1

[Event "*** Titled Tuesday Blitz"]
[Site "Chess.com"]
[Date "2021.03.30"]
[Round "2"]
[White "ukchessbomber"]
[Black "Fablibi"]
[Result "0-1"]
[WhiteElo "2493"]
[BlackElo "2714"]
[TimeControl "180+1"]
[EndTime "10:16:49 PDT"]
[Termination "Fablibi won by resignation"]

1. d4 Nf6 2. c4 g6 3. Nc3 Bg7 4. e4 d6 5. Be2 Nbd7 6. Be3 e5 7.
d5 Nc5 8. Bf3 a5 9. b3 O-O 10. g4 Ne8 11. g5 f5 12. gxf6 Qxf6 13.
h4 c6 14. Kf1 Nc7 15. Kg2 cxd5 16. cxd5 b5 17. Nce2 b4 18. Ng3 Ba6 19. Nh3 Nb5 20.
Bg5 Qf7 21. h5 Nc3 22. hxg6 hxg6 23. Be3 Nxd1 24. Bxd1 Bf6 25. Bh6 Bg7 26. Be3 Nd3 27. Ng5 Nf4+ 28. Kg1 Qf6 29. Nh7 Qe7 30. Nxf8 Rxf8 31.
Bg4 Bc8 32. Bf3 Nxd5 33. Be2 Nxe3 34. fxe3 Qg5 35. Bc4+ Rf7 36. Kg2 Kf8 37. Bxf7 Kxf7 38.
Rhf1+ Kg8 39. Rac1 Bb7 40. Rc7 Bxe4+ 41. Kf2 Qh4 42. Rg1 Qh2+ 43. Kf1 Bd3+ 0-1

[Event "*** Titled Tuesday Blitz"]
[Site "Chess.com"]
[Date "2021.03.30"]
[Round "2"]
[White "elohunter1999"]
[Black "swimmerchess"]
[Result "0-1"]
[WhiteElo "2543"]
[BlackElo "2828"]
[TimeControl "180+1"]
[EndTime "10:16:50 PDT"]
[Termination "swimmerchess won by resignation"]

1. d4 Nf6 2. c4 g6 3. g3 Bg7 4. Bg2 O-O 5. Nc3 d6 6. Nf3 Nbd7 7. O-O e5 8. e4 exd4 9. Nxd4 Re8 10. h3 a6 11. Qc2 Rb8 12. b3 c5 13. Nde2 b5 14.
cxb5 axb5 15. Bf4 b4 16. Na4 Ne5 17. Rad1 Qe7 18. Bg5 Bb7 19. Nf4 h6 20. Bxf6 Qxf6 21.
Nd5 Bxd5 22. Rxd5 Nc6 23. Rfd1 Rbd8 24. Nb6 Nd4 25. Qd3 Qe7 26. Nc4 h5 27. h4 Qe6 28.
Kh2 Bf6 29. f4 Bg7 30. Rd2 Rd7 31. Rd1 Ra8 32. Nb6 Rxa2 33. Nxd7 Qxd7 34. e5 Qg4 35.
exd6 Nf3+ 36. Kh1 Qh3+ 0-1